 Dungeon Crawl Stone Soup version 0.23.2-30-g0e89c35649 (webtiles) character file.

Game seed: 14486498566530757406

67 troglodite the Conjurer (level 4, 0/28 HPs)
             Began as an Octopode Conjurer on June 19, 2019.
             Slain by a goblin
             ... wielding a +0 dagger
             ... led by Robin
              (4 damage)
             ... on level 1 of the Dungeon.
             The game lasted 00:10:17 (1719 turns).

troglodite the Conjurer (Octopode Conjurer)         Turns: 1719, Time: 00:10:17

Health: 0/28       AC:  1    Str:  7    XL:     4   Next: 18%
Magic:  1/7        EV: 13    Int: 18    God:
Gold:   90         SH:  3    Dex: 12    Spells: 4/7 levels left

rFire    + . .     SeeInvis .   k - +2 whip (venom)
rCold    . . .     Gourm    .   j - +0 buckler
rNeg     . . .     Faith    .   (helmet restricted)
rPois    .         Spirit   .   (no amulet)
rElec    .         Reflect  .   d - ring of protection from fire
rCorr    .         Harm     .   (no ring)
MR       .....                  (no ring)
Stlth    +++.......             (no ring)
HPRegen  0.09/turn              (no ring)
MPRegen  0.10/turn              (no ring)
                                (no ring)
                                (no ring)

@: no status effects
A: almost no armour, stealthy swim, amphibious, 8 rings, constrict 8, camouflage
1, gelatinous body 1
a: no special abilities


You were on level 1 of the Dungeon.
You were very hungry.

You visited 1 branch of the dungeon, and saw 2 of its levels.

You collected 90 gold pieces.

Inventory:

Hand Weapons
 k - a +2 whip of venom (weapon)
Armour
 j - a +0 buckler (worn)
Jewellery
 d - a ring of protection from fire (left tentacle)
Scrolls
 g - a scroll of remove curse {unknown}
 i - a scroll of enchant weapon {unknown}
 l - a scroll of magic mapping {unknown}
 n - 2 scrolls of identify {unknown}
Potions
 c - a potion of berserk rage {unknown}
 e - a potion of resistance {unknown}
 f - a potion of heal wounds {unknown}
 h - a potion of flight {unknown}
 m - a potion of lignification {unknown}
 o - a potion of might {unknown}
 p - a potion of degeneration {unknown}
Comestibles
 b - 3 rations


   Skills:
 * Level 1.0 Fighting
 + Level 0.2 Maces & Flails
 + Level 2.1 Dodging
 * Level 3.2 Stealth
 * Level 1.0 Shields
 * Level 2.3 Spellcasting
 * Level 4.7 Conjurations


You had 4 spell levels left.
You knew the following spells:

 Your Spells              Type           Power        Failure   Level  Hunger
a - Magic Dart            Conj           ###.         3%          1    #......
b - Searing Ray           Conj           ###...       5%          2    ##.....

Your spell library contained the following spells:

 Spells                   Type           Power        Failure   Level  Hunger
 Dazzling Spray           Conj/Hex       ##....       28%         3    ###....
 Iskenderun's Mystic Bla  Conj           ###.....     34%         4    #####..
 Force Lance              Conj/Tloc      ##......     67%         4    #####..
 Fulminant Prism          Conj/Hex       ##........   67%         4    #####..


Dungeon Overview and Level Annotations

Branches:
Dungeon (2/15)

Altars:

Annotations:
D:2 Terence


Innate Abilities, Weirdness & Mutations

You cannot wear most types of armour.
You are very stealthy in the water. (Stealth+)
You are amphibious.
You can wear up to eight rings at the same time.
You can use your tentacles to constrict eight enemies at once.
Your skin changes colour to match your surroundings (Stealth+).
Your rubbery body absorbs attacks. (AC +1, EV +1)


Message History

You hit the goblin.
The goblin is poisoned.
Your grab misses the goblin.
The goblin is moderately wounded.
The goblin closely misses you. The goblin hits you.
You barely miss the goblin. Your grab misses the goblin.
The goblin is heavily wounded.
The goblin closely misses you. x2
You completely miss the goblin. You grab the goblin.
Your squeeze misses the goblin.
The goblin is heavily wounded.
You constrict the goblin. The goblin barely misses you. The goblin hits you.
The goblin hits you with a +0 dagger.
* * * LOW HITPOINT WARNING * * *
You hit the goblin.
You kill the goblin!
The goblin hits you but does no damage.
You hit the goblin.
The goblin is poisoned.
Your grab misses the goblin.
The goblin is moderately wounded.
The goblin no longer looks unusually strong.
The goblin hits you with a +0 dagger.
You die...

#.....##...........'..........
##
########...#.......###########
.# #................###### .#
#.######..#.#.........# .# #.#
#..#.#.........# .# #.#
##>#.#.........# .# #.#
#.#.#.........# .# #.#
#g#.#.........# .# #.#
#####@#.#..#'###### .# #.#
#.....#....#.# .# #.#
#.#######.##.# .# #.#
#.#..........# ##
#.###.#.#####.#### #.....#.#
#.# #######.#####.# #...[...#
#########


You could see a goblin.

Vanquished Creatures
  Robin (D:2)
  A worm (D:2)
  2 dart slugs
  A leopard gecko (D:1)
  10 goblins
  3 hobgoblins
  5 jackals
  7 kobolds
  2 quokkas (D:2)
  6 bats
  3 frilled lizards
  5 rats
46 creatures vanquished.

Notes
Turn   | Place    | Note
-------+----------+-------------------------------------------
     0 | D:1      | troglodite the Octopode Conjurer began the quest for the
                  | Orb.
     0 | D:1      | Reached XP level 1. HP: 11/11 MP: 3/3
   238 | D:1      | Reached XP level 2. HP: 18/18 MP: 1/5
   349 | D:1      | Learned a level 2 spell: Searing Ray
   819 | D:2      | Reached XP level 3. HP: 22/22 MP: 0/6
  1263 | D:2      | Noticed Terence
  1361 | D:2      | Noticed Robin
  1378 | D:2      | Reached skill level 1 in Shields
  1709 | D:2      | Killed Robin
  1709 | D:2      | Reached skill level 1 in Fighting
  1709 | D:2      | Reached XP level 4. HP: 17/28 MP: 0/7
  1719 | D:1      | Slain by a goblin

Skill      XL: |  1  2  3 |
---------------+----------+-----
Stealth        | 3 |  3.2
Shields        | 1 |  1.0
Fighting       | 1 |  1.0
Maces & Flails | |  0.2
Dodging        | |  2.1
Spellcasting   | |  2.3
Conjurations   | |  4.7

Action                   |  1- 3 |  4- 6 || total
-------------------------+-------+-------++-------
Melee: Unarmed           |     3 |       ||     3
       Constrict         |     7 |     1 ||     8
       Tentacles         |     5 |       ||     5
       Whip              |    20 |     5 ||    25
 Cast: Magic Dart        |    59 |     1 ||    60
       Searing Ray       |     3 |       ||     3
 Stab: Sleeping          |     1 |       ||     1
  Eat: Chunk             |     2 |       ||     2
Armor: Skin              |     6 |       ||     6
Dodge: Dodged            |    16 |     6 ||    22
Block: Buckler           |     4 |     1 ||     5
